 Dungeon Crawl Stone Soup version 0.31.0-11-ge490571c62 (webtiles) character file.

Game seed: 4186355213080648140

13476 qw the Markself (level 11, -3/60 (64) HPs)
             Began as a Deep Elf Hunter on Feb 5, 2024.
             Was an Elder of Okawaru.
             Killed by divine providence
             ... invoked by Jeremiah
              (8 damage)
             ... on level 1 of the Lair of Beasts.
             The game lasted 00:04:00 (9936 turns).

qw the Markself (Deep Elf Hunter)                   Turns: 9936, Time: 00:04:00

HP:   -3/60 (64)    AC: 13    Str: 12    XL:     11   Next: 76%
MP:   17/17         EV: 29    Int: 15    God:    Okawaru [****..]
Gold: 227           SH:  0    Dex: 18    Spells: 10/10 levels left

rFire   + . .        c - +1 longbow (drain)
rCold   . . .        (shield currently unavailable)
rNeg    + + .        k - +1 ring mail of Dithmenos's Delight {rN++}
rPois   .            b - +2 hat
rElec   .            (no cloak)
rCorr   .            d - +1 pair of gloves
SInv    +            f - +2 pair of boots
Will    +....        n - amulet of the acrobat
Stlth   +            i - ring of protection from fire
HPRegen 0.30/turn    q - ring of see invisible
MPRegen 0.15/turn

%: acrobat
@: acrobatic, drained
A: no striking features
a: Renounce Religion, Heroism, Finesse


You were on level 1 of the Lair of Beasts.
You worshipped Okawaru.
Okawaru was greatly pleased with you.
You visited 3 branches of the dungeon, and saw 12 of its levels.

You collected 499 gold pieces.
You spent 272 gold pieces at shops.


   Skills:
 + Level 5.5 Fighting
 - Level 20.0 Ranged Weapons
 - Level 2.9 Armour
 - Level 8.1 Dodging
 - Level 1.2 Stealth
 + Level 5.8 Invocations


You had 10 spell levels left.
You didn't know any spells.
Your spell library was empty.

Inventory:

Hand Weapons
 c - a +1 longbow of draining (weapon)
Armour
 b - a +2 hat (worn)
 d - a +1 pair of gloves (worn)
 f - a +2 pair of boots (worn)
 k - the +1 ring mail of Dithmenos's Delight (worn) {rN++}
   (You found it on level 5 of the Dungeon)

   rN++:      It greatly protects you from negative energy.
Jewellery
 i - a ring of protection from fire (left hand)
 n - an amulet of the acrobat (around neck)
 q - a ring of see invisible (right hand)
 s - a ring of ice
Wands
 g - a wand of paralysis (15)
 h - a wand of iceblast (1)
 o - a wand of acid (7)
Scrolls
 u - a scroll of identify
Potions
 a - a potion of magic
 e - a potion of might
 j - 3 potions of enlightenment
 l - 8 potions of curing
 m - a potion of resistance {unknown}
 p - a potion of cancellation {unknown}
 r - a potion of invisibility {unknown}
 t - a potion of ambrosia {unknown}

Dungeon Overview and Level Annotations

Branches:
Dungeon (10/15)            Temple (1/1) D:7            Lair (1/5) D:9
    Orc: D:9-12

Altars:
Ashenzari
Cheibriados
Dithmenos
Elyvilon
Fedhas
Gozag
Hepliaklqana
Kikubaaqudgha
Makhleb
Nemelex Xobeh
Okawaru
Qazlal
Ru
Sif Muna
Trog
Uskayaw
Vehumet
Wu Jian
Xom
Yredelemnul
Zin
The Shining One

Shops:
D:7 *(*   D:10 *

Annotations:
D:4 3 runed translucent doors, qw's ghost, amateur DEHu
D:6 2 runed translucent doors, qw's ghost, novice SpHu
Lair:1 Jeremiah


Message History

Jeremiah barely misses you.
Jeremiah hits you from afar with a +4 trident of draining!
You partially resist.
You feel drained.
Enter note:
Enter note:
Enter note:
Enter note: You shoot an arrow.
The arrow misses the butterfly.
The arrow hits Jeremiah!
Jeremiah is heavily wounded.
Jeremiah hits you from afar with a +4 trident of draining.
You partially resist.
You feel drained.
The butterfly disappears in a burst of colours! x2
Jeremiah closely misses you. Jeremiah barely misses you.
The butterfly disappears in a burst of colours!
Jeremiah hits you from afar with a +4 trident of draining.
You partially resist.
You feel drained.
The butterfly disappears in a burst of colours!
Jeremiah misses you. Jeremiah completely misses you.
The butterfly disappears in a burst of colours!
Jeremiah misses you. Jeremiah misses you. Jeremiah closely misses you.
Jeremiah lets out a twisted cry.
Something smites you!
The butterfly disappears in a burst of colours!
Jeremiah closely misses you.
You shoot an arrow. The arrow misses the butterfly.
The arrow hits Jeremiah!
You drain Jeremiah.
Jeremiah is almost dead.
The butterfly disappears in a burst of colours!
Jeremiah misses you. Jeremiah barely misses you.
Jeremiah completely misses you.
The butterfly disappears in a burst of colours!
Jeremiah shouts, "O dreadful one, destroy my foe!"
Something smites you!
You die...
Jeremiah wails, "I didn't mean to kill anyone!
I'm not a murderer!"

##.....#.#
#......
#.....####
#......
#.#####
#......
##.##
#....(.
#...##
##....#
##P..##
######
###..###
##...##
###.@# .
#.#bb# .
####bF#
##Fb


bb# ..# ## You could see Jeremiah (drained) and a bullfrog.

Vanquished Creatures
  3 two-headed ogres
  3 death yaks (D:9)
  4 elephants (Lair:1)
  A gargoyle (D:7)
  A komodo dragon (D:9)
  A cane toad (Lair:1)
  A troll (D:5)
  5 hornets
  A wraith (D:9)
  11 yaks
  2 shadows
  A basilisk (Lair:1)
  3 steam dragons
  An acid dragon (D:9)
  3 water moccasins
  An orc warrior (D:7)
  Duvessa (D:6)
  3 black bears
  3 sky beasts (D:7)
  2 ice beasts (D:6)
  3 ogres
  2 centaurs
  3 phantoms
  8 bullfrogs
  A kobold brigand (D:9)
  A gnoll sergeant (D:7)
  4 scorpions
  4 wights (D:8)
  Dowan (D:6)
  3 howler monkeys
  2 orc priests
  3 hounds (D:5)
  A bombardier beetle (D:7)
  4 jellies
  2 sleepcaps
  A gnoll bouda (D:5)
  3 iguanas
  4 orc wizards
  14 gnolls
  10 adders
  A shadow imp (D:5)
  2 white imps (D:7)
  11 dart slugs
  3 ribbon worms
  23 orcs
  8 endoplasms
  A giant cockroach (D:3)
  8 goblins
  8 hobgoblins
  8 jackals
  4 quokkas
  5 ball pythons
  7 bats
  3 frilled lizards
  13 kobolds
  6 rats
236 creatures vanquished.

Notes
Turn   | Place    | Note
-------+----------+-------------------------------------------
     0 | D:1      | qw the Deep Elf Hunter began the quest for the Orb.
     0 | D:1      | Reached XP level 1. HP: 12/12 MP: 3/3
     0 | D:1      | 0 ||| qw: Version: 0.3-a-160-g6735b56
     0 | D:1      | 0 ||| qw: Game counter: 6499
     0 | D:1      | 0 ||| qw: Melee chars always use a shield: true
     0 | D:1      | 0 ||| qw: God list: Okawaru
     0 | D:1      | 0 ||| qw: Allow faded altars: false
     0 | D:1      | 0 ||| qw: Do Orc after clearing Dungeon:15 true
     0 | D:1      | 0 ||| qw: Do second Lair branch before Depths: true
     0 | D:1      | 0 ||| qw: Lair rune preference: random
     0 | D:1      | 0 ||| qw: Goals: Normal
     0 | D:1      | 0 ||| PLANNING D:1-11
   125 | D:1      | Reached XP level 2. HP: 16/16 MP: 4/4
   128 | D:1      | Reached skill level 6 in Ranged Weapons
   537 | D:1      | Reached XP level 3. HP: 20/20 MP: 5/5
   614 | D:1      | 614 ||| UPGRADING to +2 pair of boots.
   619 | D:1      | 619 ||| UPGRADING to +0 ring mail.
   629 | D:1      | 629 ||| DROPPING +0 leather armour.
   630 | D:1      | 630 ||| DROPPING ring of wizardry.
   631 | D:1      | 631 ||| READING scroll labelled NULIETEELI.
   631 | D:1      | 631 ||| IDENTIFYING murky clear potion
   632 | D:1      | 632 ||| READING scroll labelled PEQEUPRAVOO.
   632 | D:1      | 632 ||| ENCHANTING +0 ring mail.
   633 | D:1      | 633 ||| READING scroll labelled OPNIOC KIOROH.
   734 | D:1      | 734 ||| DROPPING scroll of butterflies.
   735 | D:1      | 735 ||| DROPPING potion of berserk rage.
   808 | D:2      | Found a burning altar of Makhleb.
   827 | D:2      | Reached skill level 7 in Ranged Weapons
   963 | D:2      | Reached XP level 4. HP: 25/25 MP: 6/6
  1116 | D:2      | Reached skill level 8 in Ranged Weapons
  1461 | D:2      | Reached XP level 5. HP: 29/29 MP: 7/7
  1525 | D:2      | 1525 ||| UPGRADING to +2 hat.
  1530 | D:2      | 1530 ||| READING scroll labelled XIXTOIMASA.
  1534 | D:2      | 1534 ||| READING scroll labelled KOLUEFAMYS.
  1534 | D:2      | 1534 ||| ENCHANTING +0 shortbow.
  1535 | D:2      | 1535 ||| READING scroll labelled HORIRGHUITHE.
  1535 | D:2      | Identified a scroll of acquirement
  1535 | D:2      | 1535 ||| ACQUIRING +1 longbow of draining
  1535 | D:2      | Acquired a +1 longbow of draining
  1537 | D:2      | 1537 ||| SWAPPING to +1 longbow of draining.
  1538 | D:2      | 1538 ||| DROPPING +1 shortbow.
  1539 | D:2      | 1539 ||| DRINKING 2 sapphire potions.
  2115 | D:3      | 2115 ||| READING scroll of identify.
  2115 | D:3      | 2115 ||| IDENTIFYING coppery potion
  2116 | D:3      | 2116 ||| READING scroll labelled KUTERHO SUOPS.
  2117 | D:3      | 2117 ||| READING scroll labelled JOEHAL ME HINAY.
  2118 | D:3      | 2118 ||| DRINKING 2 yellow potions.
  2119 | D:3      | 2119 ||| DROPPING potion of attraction.
  2134 | D:4      | 2134 ||| PLANNING OSSUARY
  2192 | D:4      | Reached skill level 9 in Ranged Weapons
  2198 | D:4      | Identified the +2 rapier of Courage {holy, +Blink}
  2309 | D:4      | Found an ancient bone altar of Kikubaaqudgha.
  2788 | D:4      | Found a runed translucent gate.
  2788 | D:4      | Found a runed translucent gate.
  2789 | D:4      | Found a runed translucent gate.
  2791 | D:4      | Noticed qw's ghost (amateur DEHu)
  2834 | D:4      | Noticed an ogre
  2837 | D:4      | Killed an ogre
  2838 | D:4      | Reached XP level 6. HP: 35/35 MP: 8/8
  2897 | D:4      | 2897 ||| RIP OSSUARY
  2953 | D:4      | 2953 ||| PLANNING D:1-11
  2953 | D:4      | 2953 ||| UPGRADING to amulet of the acrobat.
  2958 | D:4      | 2958 ||| READING 4 scrolls of identify.
  2958 | D:4      | 2958 ||| IDENTIFYING cyan potion
  2959 | D:4      | 2959 ||| READING 3 scrolls of identify.
  2959 | D:4      | 2959 ||| IDENTIFYING viscous dark potion
  2960 | D:4      | 2960 ||| READING 2 scrolls of identify.
  2960 | D:4      | 2960 ||| IDENTIFYING bubbling red potion
  2961 | D:4      | 2961 ||| DROPPING potion of brilliance.
  2962 | D:4      | 2962 ||| DROPPING potion of lignification.
  2992 | D:5      | Entered Level 5 of the Dungeon
  3077 | D:5      | Reached skill level 10 in Ranged Weapons
  3083 | D:5      | HP: 8/35 [orc priest/divine providence (8)]
  3084 | D:5      | 3084 ||| READING scroll of teleportation.
  3084 | D:5      | HP: 2/35 [orc priest/nerve-wracking pain (6)]
  3085 | D:5      | 3085 ||| DRINKING potion of heal wounds.
  3127 | D:5      | Reached skill level 3 in Dodging
  3279 | D:5      | Noticed a troll
  3280 | D:5      | 3280 ||| DRINKING potion of haste.
  3284 | D:5      | HP: 7/35 [troll (10)]
  3285 | D:5      | 3285 ||| READING scroll of teleportation.
  3285 | D:5      | HP: 3/35 [troll (4)]
  3286 | D:5      | Killed a troll
  3287 | D:5      | Reached XP level 7. HP: 4/40 MP: 9/9
  3551 | D:5      | Reached skill level 11 in Ranged Weapons
  3613 | D:5      | Reached XP level 8. HP: 42/44 MP: 10/10
  3623 | D:5      | Reached skill level 12 in Ranged Weapons
  3671 | D:5      | Found a burning altar of Makhleb.
  3686 | D:5      | Identified the +1 ring mail of Dithmenos's Delight {rN++}
  3938 | D:5      | Reached skill level 3 in Fighting
  4044 | D:5      | 4044 ||| UPGRADING to +0 pair of gloves.
  4049 | D:5      | 4049 ||| UPGRADING to +1 ring mail of Dithmenos's Delight
                  | {rN++}.
  4059 | D:5      | 4059 ||| DROPPING +1 ring mail.
  4060 | D:5      | 4060 ||| READING scroll of identify.
  4060 | D:5      | 4060 ||| IDENTIFYING silvery potion
  4061 | D:5      | 4061 ||| READING scroll labelled BOHEWUYH RIOCS.
  4062 | D:5      | 4062 ||| DROPPING potion of degeneration.
  4064 | D:5      | 4064 ||| Stepping ~*~*~tactically~*~*~ (cloud).
  4270 | D:6      | Found a runed translucent door.
  4284 | D:6      | Found a hazy altar of Hepliaklqana.
  4284 | D:6      | Found a radiant altar of Vehumet.
  4293 | D:6      | Reached skill level 13 in Ranged Weapons
  4353 | D:6      | HP: 6/46 [steam dragon/ball of steam (9)]
  4354 | D:6      | 4354 ||| READING scroll of teleportation.
  4355 | D:6      | 4355 ||| DRINKING potion of heal wounds.
  4553 | D:6      | Noticed Duvessa
  4553 | D:6      | Noticed Dowan
  4562 | D:6      | Killed Duvessa
  4563 | D:6      | Reached skill level 14 in Ranged Weapons
  4569 | D:6      | Killed Dowan
  4570 | D:6      | Reached XP level 9. HP: 22/50 MP: 11/11
  4694 | D:6      | Found a runed translucent door.
  4694 | D:6      | Noticed qw's ghost (novice SpHu)
  4898 | D:6      | 4898 ||| UPGRADING to ring of protection from fire.
  4899 | D:6      | 4899 ||| READING scroll of identify.
  4899 | D:6      | 4899 ||| IDENTIFYING fuming golden potion
  4900 | D:6      | 4900 ||| DROPPING potion of magic.
  5014 | D:7      | Noticed a gargoyle
  5016 | D:7      | 5016 ||| ZAPPING wand of iceblast (6) at 0,-5 (gargoyle;
                  | floor).
  5017 | D:7      | 5017 ||| ZAPPING wand of iceblast (5) at 0,-4 (gargoyle;
                  | floor).
  5018 | D:7      | 5018 ||| ZAPPING wand of iceblast (4) at 0,-3 (gargoyle;
                  | floor).
  5019 | D:7      | 5019 ||| ZAPPING wand of iceblast (3) at 0,-3 (gargoyle;
                  | floor).
  5020 | D:7      | 5020 ||| ZAPPING wand of iceblast (2) at 0,-2 (gargoyle;
                  | floor).
  5020 | D:7      | Killed a gargoyle
  5021 | D:7      | Reached skill level 15 in Ranged Weapons
  5098 | D:7      | Found a staircase to the Ecumenical Temple.
  5099 | D:7      | 5099 ||| PLANNING TEMPLE
  5107 | Temple   | Entered the Ecumenical Temple
  5108 | Temple   | 5108 ||| PLANNING OKAWARU WORSHIP
  5146 | Temple   | Became a worshipper of Warmaster Okawaru
  5147 | Temple   | 5147 ||| PLANNING D:1-11
  5246 | D:7      | Found Umpuz's Antique Weapon Shop.
  5254 | D:7      | 5254 ||| BUYING glowing orcbow (123 gold).
  5254 | D:7      | Bought a glowing orcbow for 123 gold pieces
  5254 | D:7      | 5254 ||| DROPPING +1 orcbow of freezing.
  5322 | D:7      | Found a sparkling altar of Nemelex Xobeh.
  5322 | D:7      | Found a white marble altar of Elyvilon.
  5338 | D:7      | Found Allaenua's General Store.
  5342 | D:7      | 5342 ||| BUYING potion of curing (36 gold).
  5342 | D:7      | Bought a potion of curing for 36 gold pieces
  5342 | D:7      | 5342 ||| BUYING potion of enlightenment (60 gold).
  5342 | D:7      | Bought a potion of enlightenment for 60 gold pieces
  5342 | D:7      | 5342 ||| SHOPLISTING wand of polymorph (6) (100 gold, have
                  | 78).
  5443 | D:7      | 5443 ||| FLEEEEING.
  5444 | D:7      | 5444 ||| FLEEEEING.
  5445 | D:7      | 5445 ||| FLEEEEING.
  5522 | D:7      | Found Xaesh's Assorted Antiques.
  5532 | D:7      | 5532 ||| SHOPLISTING glowing scale mail (196 gold, have
                  | 78).
  5532 | D:7      | 5532 ||| BUYING lumpy emerald potion (25 gold).
  5532 | D:7      | Bought a lumpy emerald potion for 25 gold pieces
  5532 | D:7      | 5532 ||| SHOPLISTING potion of curing (84 gold, have 53).
  5532 | D:7      | 5532 ||| BUYING scroll labelled LAUCRIMAUPH (28 gold).
  5532 | D:7      | Bought a scroll labelled LAUCRIMAUPH for 28 gold pieces
  5532 | D:7      | 5532 ||| SHOPLISTING wand of paralysis (7) (470 gold, have
                  | 25).
  5557 | D:7      | Found an opulent altar of Gozag.
  5864 | D:7      | Reached * piety under Okawaru
  5865 | D:7      | Reached skill level 16 in Ranged Weapons
  6174 | D:7      | 6174 ||| UPGRADING to ring of see invisible.
  6175 | D:7      | 6175 ||| READING scroll labelled TYOGHED UNKU.
  6176 | D:7      | 6176 ||| READING 2 scrolls labelled LAUCRIMAUPH.
  6177 | D:7      | 6177 ||| DRINKING 2 lumpy emerald potions.
  6178 | D:7      | 6178 ||| DROPPING scroll of immolation.
  6201 | D:8      | Reached skill level 1 in Invocations
  6235 | D:8      | 6235 ||| READING scroll of enchant armour.
  6235 | D:8      | 6235 ||| ENCHANTING +0 pair of gloves.
  6245 | D:8      | 6245 ||| RETREEEEATING.
  6261 | D:8      | Reached skill level 6 in Dodging
  6325 | D:8      | Reached XP level 10. HP: 56/56 MP: 13/13
  6754 | D:8      | 6754 ||| RETREEEEATING.
  6755 | D:8      | 6755 ||| RETREEEEATING.
  6756 | D:8      | 6756 ||| RETREEEEATING.
  6758 | D:8      | 6758 ||| RETREEEEATING.
  6759 | D:8      | 6759 ||| RETREEEEATING.
  6760 | D:8      | 6760 ||| RETREEEEATING.
  6762 | D:8      | Reached skill level 3 in Invocations
  6770 | D:8      | Reached ** piety under Okawaru
  7202 | D:8      | Found a hide-covered altar of Uskayaw.
  7345 | D:8      | Noticed a two-headed ogre
  7356 | D:8      | 7356 ||| INVOKING Heroism.
  7366 | D:8      | Killed a two-headed ogre
  7367 | D:8      | Reached skill level 17 in Ranged Weapons
  7664 | D:9      | 7664 ||| INVOKING Heroism.
  7666 | D:9      | Reached skill level 18 in Ranged Weapons
  7726 | D:9      | Found a stormy altar of Qazlal.
  7727 | D:9      | Found a shimmering blue altar of Sif Muna.
  7727 | D:9      | Found a glowing silver altar of Zin.
  7728 | D:9      | Found a glowing golden altar of the Shining One.
  7728 | D:9      | Found a snail-covered altar of Cheibriados.
  7789 | D:9      | 7789 ||| RETREEEEATING.
  7791 | D:9      | 7791 ||| RETREEEEATING.
  7792 | D:9      | 7792 ||| RETREEEEATING.
  7803 | D:9      | 7803 ||| RETREEEEATING.
  7804 | D:9      | Reached *** piety under Okawaru
  7861 | D:9      | Found a staircase to the Lair.
  7896 | D:9      | Noticed a two-headed ogre
  7897 | D:9      | 7897 ||| INVOKING Heroism.
  7905 | D:9      | Killed a two-headed ogre
  7906 | D:9      | Reached XP level 11. HP: 45/64 MP: 14/16
  8147 | D:9      | Found an ornate altar of the Wu Jian Council.
  8237 | D:9      | Paralysed by a hornet for 3 turns
  8241 | D:9      | 8241 ||| INVOKING Heroism.
  8483 | D:9      | Found a broken altar of Ashenzari.
  8816 | D:10     | Entered Level 10 of the Dungeon
  8819 | D:10     | Noticed a two-headed ogre
  8820 | D:10     | 8820 ||| INVOKING Heroism.
  8824 | D:10     | Killed a two-headed ogre
  9067 | D:10     | Found Duoruvuj's General Store.
  9090 | D:9      | 9090 ||| PLANNING LAIR
  9153 | Lair:1   | Entered Level 1 of the Lair of Beasts
  9163 | Lair:1   | 9163 ||| STAIRDANCE
  9168 | Lair:1   | Noticed a death yak
  9168 | Lair:1   | Noticed a death yak
  9169 | Lair:1   | 9169 ||| STAIRDANCE
  9255 | Lair:1   | Noticed a death yak
  9256 | Lair:1   | 9256 ||| STAIRDANCE
  9258 | D:9      | 9258 ||| INVOKING Heroism.
  9259 | D:9      | 9259 ||| DRINKING potion of haste.
  9268 | D:9      | Killed a death yak
  9268 | D:9      | HP: 10/64 [yak (13)]
  9269 | D:9      | Reached skill level 19 in Ranged Weapons
  9269 | D:9      | 9269 ||| DRINKING 2 potions of heal wounds.
  9383 | Lair:1   | 9383 ||| STAIRDANCE
  9385 | D:9      | 9385 ||| INVOKING Heroism.
  9392 | D:9      | Killed a death yak
  9392 | D:9      | Reached **** piety under Okawaru
  9446 | Lair:1   | 9446 ||| STAIRDANCE
  9448 | D:9      | 9448 ||| INVOKING Finesse.
  9449 | D:9      | 9449 ||| INVOKING Finesse.
  9450 | D:9      | 9450 ||| INVOKING Finesse.
  9450 | D:9      | HP: 13/64 [death yak (24)]
  9451 | D:9      | 9451 ||| DRINKING potion of heal wounds.
  9460 | D:9      | Killed a death yak
  9786 | Lair:1   | 9786 ||| RETREEEEATING.
  9787 | Lair:1   | 9787 ||| RETREEEEATING.
  9790 | Lair:1   | Reached skill level 20 in Ranged Weapons
  9908 | Lair:1   | Noticed Jeremiah
  9925 | Lair:1   | HP: 13/61 [Jeremiah/+4 trident of draining (5)]
  9931 | Lair:1   | HP: 3/60 [Jeremiah/divine providence (12)]
  9936 | Lair:1   | Killed from afar by Jeremiah

Levels and vault maps discovered:
D:1:      evilmike_arrival_grusome_pit, layout_basic
D:2:      minmay_wonky_spiral, layout_loops_ring, basic_altar
D:3:      layout_loops_ring
D:4:      layout_cave_pods, mainiacjoe_overflow_brackets,
          gammafunk_ghost_necromancy, nicolae_ossuary_entry_plus
D:5:      kennysheep_slugbush, layout_basic, bloody_makhleb, minmay_small_thing
D:6:      layout_cave_pools, gammafunk_temple_overflow_wave,
          ebering_ghost_sewer_f, uniq_duvessa
D:7:      layout_loops_corners, nicolae_gozag_seed_capital,
          mainiacjoe_overflow_divided_tiny, minmay_temple_entry_mist,
          enter_bailey_7, serial_shops, nicolae_shop_pleasant_corner_grove,
          nicolae_shop_stone, shop
D:8:      layout_layer_cave, nicolae_uskayaw_murder_on_the_dancefloor,
          minmay_door_square, serial_library_hellmonk_open_square
D:9:      layout_stronghold, grunt_temple_overflow_open,
          nicolae_overflow_hidden_temple, nicolae_wu_jian_wuxing_cycle,
          due_lair_maze_entry_diamond, kennysheep_cross_room
D:10:     layout_loops_ring, serial_shops, shop
Temple:   hellmonk_temple_beads
Lair:1:   layout_cave_pods, uniq_jeremiah

Skill      XL: |  1  2  3  4  5  6  7  8  9 10 11 |
---------------+----------------------------------+-----
Ranged Weapons | 6 7 8 9 10 11 14 16 18 20 | 20.0
Fighting       | 2 3 4 5 |  5.5
Dodging        | 3 4 6 7 8 |  8.1
Armour         | 2 |  2.9
Invocations    | 2 4 5 |  5.8
Stealth        | |  1.2

Action                     |  1- 3 |  4- 6 |  7- 9 | 10-12 || total
---------------------------+-------+-------+-------+-------++-------
   Fire: Shortbow          |    97 |    57 |       |       ||   154
         Longbow           |       |   103 |   250 |   260 ||   613
 Invoke: Heroism           |       |       |       |     7 ||     7
         Finesse           |       |       |       |     1 ||     1
  Evoke: Wand              |       |       |     5 |       ||     5
    Use: Scroll            |     3 |    11 |     7 |       ||    21
         Potion            |       |     4 |     2 |     3 ||     9
 Armour: Leather armour    |     5 |       |       |       ||     5
         Ring mail         |     6 |    41 |   103 |    87 ||   237
  Dodge: Dodged            |    26 |    39 |    83 |   108 ||   256

Table legend:
 A = Non-vault XP
 B = Vault XP
 C = Vault XP percentage of total XP
 D = Non-vault monster count
 E = Vault monster count
 F = Vault count percentage of total count
                 A         B        C        D         E       F
            +---------+---------+-------+---------+---------+-------
      Total |   17501 |    1751 |   9.1 |     208 |      28 |  11.9
            +---------+---------+-------+---------+---------+-------
        D:1 |      42 |       0 |   0.0 |      25 |       0 |   0.0
        D:2 |     142 |      28 |  16.5 |      22 |       3 |  12.0
        D:3 |      42 |       0 |   0.0 |      16 |       0 |   0.0
        D:4 |     235 |       0 |   0.0 |      15 |       0 |   0.0
        D:5 |     865 |     336 |  28.0 |      28 |      11 |  28.2
        D:6 |    1199 |     204 |  14.5 |      17 |       2 |  10.5
        D:7 |    1825 |      46 |   2.5 |      30 |       4 |  11.8
        D:8 |    3162 |       0 |   0.0 |      18 |       0 |   0.0
        D:9 |    5963 |    1137 |  16.0 |      26 |       8 |  23.5
       D:10 |    1126 |       0 |   0.0 |       3 |       0 |   0.0
     Lair:1 |    2900 |       0 |   0.0 |       8 |       0 |   0.0
            +---------+---------+-------+---------+---------+-------
